 Dungeon Crawl Stone Soup version 0.19.3-4-gbf9329e (webtiles) character file.

279 sankara the Charlatan (level 6, -10/53 HPs)
             Began as a Draconian Artificer on Jan 28, 2017.
             Killed by divine providence
             ... invoked by an orc priest
             ... summoned by a boggart
              (14 damage)
             ... on level 4 of the Dungeon.
             The game lasted 00:12:08 (3574 turns).

sankara the Charlatan (Draconian Artificer)         Turns: 3574, Time: 00:12:08

Health: -10/53     AC:  7    Str: 15    XL:     6   Next: 5%
Magic:  9/9        EV: 12    Int: 11    God:
Gold:   166        SH:  0    Dex: 13    Spells: 1 memorised, 4 levels left

rFire  . . .     SeeInvis .     e - +3 dagger
rCold  . . .     Gourm    .     (armour unavailable)
rNeg   . . .     Faith    .     (no shield)
rPois  .         Spirit   .     (helmet restricted)
rElec  .         Reflect  .     (no cloak)
rCorr  .         Harm     .     y - +0 pair of gloves
MR     .....                    (no boots)
Stlth  ++........               (no amulet)
                                (no ring)
                                h - ring of flight

@: no status effects
A: unfitting armour, cold-blooded, AC +6
a: Evoke Flight


You were on level 4 of the Dungeon.
You were hungry.

You visited 1 branch of the dungeon, and saw 4 of its levels.

You collected 166 gold pieces.

Inventory:

Hand Weapons
 e - a +3 dagger (weapon)
 g - a +0 short sword of speed
 v - a +0 dagger of distortion
Missiles
 i - 104 stones
 s - 8 javelins (quivered)
 w - 8 poisoned needles
Armour
 y - a +0 pair of gloves (worn)
Jewellery
 h - a ring of flight (left hand)
Wands
 b - a wand of flame (14/48)
 c - a wand of enslavement (13/24)
 d - a wand of random effects (6/48)
Scrolls
 n - a scroll of random uselessness {unknown}
 p - 3 scrolls of identify {unknown}
 q - 2 scrolls of magic mapping {unknown}
 r - a scroll of fog {unknown}
 x - a scroll of enchant armour {unknown}
 A - a scroll of immolation {unknown}
 B - a scroll of amnesia {unknown}
Potions
 a - 2 potions of heal wounds {unknown}
 k - a potion of mutation {unknown}
 l - a potion of flight {unknown}
 m - 2 potions of curing
 o - a potion of agility {unknown}
 t - a potion of brilliance {unknown}
 u - a potion of might {unknown}
 C - a potion of berserk rage {unknown}
Books
 z - a book of Misfortune

   Spells                             Type                      Level
   a - Confusing Touch                Hexes                        1
   b - Confuse                        Hexes                        3
   c - Gell's Gravitas                Hexes/Translocation          3
   d - Petrify                        Transmutation/Earth          4
   e - Metabolic Englaciation         Hexes/Ice                    5
   f - Yara's Violent Unravelling     Hexes/Transmutation          5
Comestibles
 f - 4 bread rations
 j - a beef jerky


   Skills:
 + Level 4.7 Fighting
 - Level 1.0 Short Blades
 - Level 1.7 Dodging
 - Level 0.8 Stealth
 + Level 0.0 Hexes
 + Level 5.2 Evocations


You had 4 spell levels left.
You knew the following spells:

 Your Spells              Type           Power        Failure   Level  Hunger
a - Confusing Touch       Hex            #.....       34%         1    ##.....


Dungeon Overview and Level Annotations

Branches:
Dungeon (4/15)
 Temple: D:4-7

Altars:
Elyvilon
Fedhas
Ru
Uskayaw

Shops:
D:4 *


Innate Abilities, Weirdness & Mutations

Your plain brown scales are hard. (AC +6)
You cannot fit into any form of body armour.
You are cold-blooded and may be slowed by cold attacks.


Message History

The orc hits you with a club.
* * * LOW HITPOINT WARNING * * *
The orc hits you but does no damage.
The orc priest looks braver for a moment.
The boggart hits you but does no damage.
Okay, then.
Evoke which item? (* to show all) (? for menu, Esc to quit)
Zapping:
c - a wand of enslavement (14/24)
Press: ? - help, Shift-Dir - straight line, f/p - boggart
Aim: a boggart (lightly wounded, chance to defeat MR: 39%)
The boggart is charmed.
This wand has 13 charges left.
The orc hits you but does no damage.
The orc priest hits you but does no damage.
The orc hits you but does no damage. The orc priest hits your boggart.
You hit the orc but do no damage.
Your boggart casts a spell.
The orc misses you.
The orc priest invokes the aid of Beogh against you.
Beogh smites you!
You die...

#.......+ ######.......#
#............#
#............#
#............#
#.......Z....#
#......##o##.#
#......#.go#.#
#......#.@o#.#
#......#.o.#.#
#......##+##.#
#............#
#............#
#............# ..
#............#+## #.# .
#............#..######.##.
#............#......#.....


You could see 2 orc priests, 2 orcs, a friendly boggart and a friendly jackal
zombie.

Vanquished Creatures
  The ghost of sankara the Skirmisher, an amateur DgWn (D:3)
  Jessica (D:3)
  Ijyb (D:3)
  Robin (D:1)
  4 adders
  A worm (D:2)
  3 dart slugs
  A leopard gecko (D:3)
  An orc (D:3)
  3 giant cockroaches (D:1)
  14 goblins
  9 hobgoblins
  8 jackals
  2 ball pythons (D:3)
  10 bats
  3 frilled lizards (D:3)
  7 kobolds
  7 rats
  A fungus (D:2)
78 creatures vanquished.

Vanquished Creatures (collateral kills)
  An adder (D:4)
1 creature vanquished.

Grand Total: 79 creatures vanquished

Notes
Turn   | Place    | Note
-------+----------+-------------------------------------------
     0 | D:1      | sankara the Draconian Artificer began the quest for the Orb.
     0 | D:1      | Reached XP level 1. HP: 16/16 MP: 3/3
   208 | D:1      | Reached XP level 2. HP: 24/24 MP: 4/4
   855 | D:2      | Noticed Robin
   857 | D:2      | Reached XP level 3. HP: 29/29 MP: 5/5
  1064 | D:1      | Killed Robin
  1387 | D:2      | Found a sacrificial altar of Ru.
  1494 | D:2      | Reached skill level 4 in Evocations
  1644 | D:2      | Reached XP level 4. HP: 29/37 MP: 7/7
  2256 | D:3      | Noticed Jessica
  2260 | D:3      | Killed Jessica
  2565 | D:3      | Noticed Ijyb
  2573 | D:3      | Killed Ijyb
  2573 | D:3      | Reached XP level 5. HP: 46/46 MP: 8/8
  2652 | D:3      | Noticed sankara's ghost (amateur DgWn)
  2776 | D:3      | Killed sankara's ghost
  2776 | D:3      | Reached skill level 5 in Evocations
  3140 | D:3      | Found a hide-covered altar of Uskayaw.
  3160 | D:3      | Found a blossoming altar of Fedhas.
  3164 | D:3      | Found a white marble altar of Elyvilon.
  3181 | D:3      | Reached XP level 6. HP: 50/53 MP: 9/9
  3320 | D:3      | Learned a level 1 spell: Confusing Touch
  3528 | D:4      | Found Rogokk's Serpentskin Sales.
  3528 | D:4      | Noticed a water moccasin
  3570 | D:4      | a water moccasin changed into a boggart
  3574 | D:4      | Killed from afar by an orc priest

Skill      XL: |  1  2  3  4  5 |
---------------+----------------+-----
Fighting       | 2 3 4 |  4.7
Evocations     | 4 5 |  5.2
Short Blades   | |  1.0
Dodging        | |  1.7
Stealth        | |  0.8

Action                   |  1- 3 |  4- 6 || total
-------------------------+-------+-------++-------
Melee: Dagger            |   154 |   161 ||   315
       Tailslap          |    15 |    13 ||    28
 Cast: Confusing Touch   |       |     1 ||     1
Evoke: Wand              |     1 |    11 ||    12
  Use: Potion            |       |     1 ||     1
 Stab: Sleeping          |     3 |     1 ||     4
       Paralysed         |       |     3 ||     3
  Eat: Chunk             |     2 |     6 ||     8
Armor: Skin              |    44 |    38 ||    82
Dodge: Dodged            |    64 |    88 ||   152
